 Dungeon Crawl Stone Soup version 0.18-a0-1702-gd20c6a5 (webtiles) character file.

120972 namelastname112 the Scorcher (level 16, -1/70 HPs)
             Began as a Felid Conjurer on Apr 7, 2016.
             Was the Champion of Sif Muna.
             Slain by a tarantella (5 damage)
             ... on level 4 of the Spider Nest.
             The game lasted 02:26:17 (61997 turns).

namelastname112 the Scorcher (Felid Conjurer)      Turns: 61997, Time: 02:26:18

Health: -1/70      AC:  3    Str:  3    XL:     16   Next: 1%
Magic:  3/45       EV: 26    Int: 23    God:    Sif Muna [******]
Gold:   4389       SH:  0    Dex: 20    Spells: 9 memorised, 11 levels left
                                        Lives:  0   Deaths: 5

rFire  + . .     SeeInvis +     (weapon unavailable)
rCold  . . .     Gourm    .     (armour unavailable)
rNeg   . . .     Faith    .     (shield unavailable)
rPois  .         Spirit   .     (helmet unavailable)
rElec  .         Dismiss  .     (cloak unavailable)
rCorr  .         Reflect  .     (gloves unavailable)
SustAt .         Harm     .     (boots unavailable)
MR     ++...                    O - amulet of magic regeneration
Stlth  +++.......               e - ring of fire
                                c - ring of magical power

@: lethally poisoned (-1 -> -28), repel missiles, quick, very resistant to
hostile enchantments, fairly stealthy
A: no armour, no weapons or thrown items, claws 1, fangs 3, see invisible, agile
1, carnivore 3, speed 1, shaggy fur 3, slow metabolism 1, sharp paws
a: Channel Energy, Forget Spell, Renounce Religion
}: 1/15 runes: decaying


You were on level 4 of the Spider Nest.
You worshipped Sif Muna.
Sif Muna was exalted by your worship.
You were not hungry.

You visited 6 branches of the dungeon, and saw 35 of its levels.
You also visited: Sewer, Bailey and Ice Cave.

You collected 4389 gold pieces.

Inventory:

Jewellery
 c - a ring of magical power (left paw)
 e - a ring of fire (right paw)
 p - an uncursed ring of flight
 s - an uncursed amulet of regeneration
 C - an uncursed ring of wizardry
 I - an uncursed ring of poison resistance
 O - an amulet of magic regeneration (around neck)
 P - a +4 ring of protection
Wands
 a - a wand of random effects (29/48)
 b - a wand of lightning (10/15)
 d - a wand of confusion (22/48)
 g - a wand of confusion (23/48)
 k - a wand of slowing (11/48)
 n - a wand of hasting (3/9)
 v - a wand of heal wounds (2/9)
 y - a wand of disintegration (6/24)
 E - a wand of lightning (1/15)
 G - a wand of lightning (2/15)
 H - a wand of paralysis (15/24)
 K - a wand of lightning (9/15)
 M - a wand of acid (10/15)
 N - a wand of digging (9/24)
 Q - a wand of flame (32/48)
 S - a wand of random effects (19/48)
 U - a wand of iceblast (3/15)
Scrolls
 f - 3 scrolls of blinking
 j - 10 scrolls of teleportation
 o - 4 scrolls of immolation
 q - 11 scrolls of identify
 t - 15 scrolls of remove curse
 w - 3 scrolls of fog
 L - a scroll of magic mapping
 W - 3 scrolls of amnesia
 X - a scroll of recharging
Potions
 h - 10 potions of curing
 i - 3 potions of resistance
 l - 6 potions of heal wounds
 r - a potion of haste
 u - 2 potions of cure mutation
 x - a potion of might
 z - 4 potions of flight
 A - 8 potions of invisibility
 B - 2 potions of cancellation
 D - 2 potions of ambrosia
 R - 4 potions of brilliance
 T - 3 potions of agility
 Y - a potion of magic
Books
 F - Sif Muna's Almanac of Aerial Heat
   (Sif Muna gifted it to you on level 3 of the Spider Nest)

   Spells                             Type                      Level
   a - Flame Tongue                   Conjuration/Fire             1
   b - Shock                          Conjuration/Air              1
   c - Sticky Flame                   Conjuration/Fire             4
   d - Bolt of Fire                   Conjuration/Fire             6
   e - Delayed Fireball               Conjuration/Fire             7
Comestibles
 m - 14 beef jerkies


   Skills:
 - Level 8.6 Fighting
 - Level 9.1 Dodging
 - Level 2.6 Stealth
 + Level 15.7 Spellcasting
 + Level 15.8 Conjurations
 - Level 7.6 Charms
 * Level 17.6 Fire Magic
 - Level 7.9 Invocations


You had 11 spell levels left.
You knew the following spells:

 Your Spells              Type           Power        Failure   Level  Hunger
a - Iskenderun's Battles  Conj/Chrm      ######..     1%          5    ##.....
b - Repel Missiles        Chrm/Air       #####.       1%          2    None
c - Fireball              Conj/Fire      #######...   1%          5    ##.....
d - Regeneration          Chrm/Necr      #####.....   1%          3    None
e - Ring of Flames        Chrm/Fire      #######...   17%         7    ######.
f - Delayed Fireball      Conj/Fire      N/A          2%          7    ######.
g - Sticky Flame          Conj/Fire      #######.     1%          4    None
x - Bolt of Fire          Conj/Fire      #######...   1%          6    ####...
z - Magic Dart            Conj           ####         0%          1    None


Dungeon Overview and Level Annotations

Branches:
Dungeon (14/15)            Temple (0/1) D:5            Lair (8/8) D:10
  Swamp (4/4) Lair:5       Spider (4/4) Lair:4        Slime (0/6) Lair:8
    Orc (2/2) D:11            Elf (3/3) Orc:2        Vaults (0/5) D:13

Altars:
Ashenzari
Cheibriados
Dithmenos
Elyvilon
Gozag
Nemelex Xobeh
Okawaru
Ru
Sif Muna
Trog
Vehumet
Xom
Yredelemnul
Zin
Beogh
Jiyva

Shops:
D:7 *   Orc:2 %*??   Elf:2 ?   Elf:3 (

Annotations:
Lair:5 namelastname112's ghost, journeyman DrSk


Innate Abilities, Weirdness & Mutations

You cannot wear armour.
You are incapable of wielding weapons or throwing items.
You have sharp claws.
You have razor-sharp teeth.
You have supernaturally acute eyesight.
You are carnivorous and can eat meat at any time.
You cover ground quickly.
Your thick and shaggy fur keeps you warm (AC +3, rC+).
You have a slow metabolism.
Your sharp claws are effective at attacking unaware monsters.
You are agile. (Dex +2)


Message History

Casting: Bolt of Fire
Confirm with . or Enter, or press ? or * to list all spells.
You don't have enough magic to cast that spell.
There is a lethal amount of poison in your body!
You channel some magical energy.
You feel somewhat more hungry.
* * * LOW HITPOINT WARNING * * *
You feel very sick. The tarantella bites you!
* * * LOW HITPOINT WARNING * * *
Casting: Bolt of Fire
Confirm with . or Enter, or press ? or * to list all spells.
Aiming: Bolt of Fire
Press: ? - help, Shift-Dir - straight line, f - tarantella
Aim: a tarantella (clinging)
You feel a surge of power!
The bolt of fire misses the tarantella.
* * * LOW HITPOINT WARNING * * *
You feel sick. The tarantella bites you.
* * * LOW HITPOINT WARNING * * *
The tarantella bites you.
You die...

.##...#.#...#.####
.............#.#
..#..#.......%##
......)!#...##
..............#
........#.....#
.......#.......##
..#..#..^.......##
..........#†..#s@.#
............#.....#
...#....§.y§##.^.##
.......§.§#§.#####
..........§...#
#.....†..§....#
....†..§§§#...#
#..†s...^...##
....†.†###..##


You could see a tarantella.

Vanquished Creatures
  the Lernaean hydra (Swamp:4)
  Nikola (Elf:1)
  Rupert (Spider:1)
  A thorn hunter (Swamp:2)
  Kirke (Lair:5)
  Donald (Elf:1)
  Wiglaf (Spider:4)
  An emperor scorpion (Spider:1)
  2 ghost moths (Spider:2)
  A deep elf sorcerer (Elf:1)
  Aizul (Swamp:3)
  Louise (Swamp:3)
  A ghoul (Swamp:1)
  Nessos (D:12)
  2 spark wasps (Spider:3)
  An ettin (Orc:1)
  Josephine (Orc:1)
  An ice dragon (Lair:6)
  22 hydras
  2 entropy weavers (Spider:3)
  2 death knights
  2 ghost crabs
  6 centaur warriors
  6 dancing weapons
  An ogre mage (D:13)
  6 death yaks
  14 alligators
  4 deep elf knights (Elf:1)
  A skeletal warrior (D:13)
  2 unseen horrors
  3 spriggan druids
  5 shambling mangroves
  11 swamp dragons
  3 deep elf archers
  A harpy (shapeshifter) (D:13)
  9 orc knights (Orc:2)
  A phantasmal warrior (D:13)
  10 hill giants
  A griffon (Lair:7)
  An orc sorcerer (Elf:1)
  23 wolf spiders
  4 cyclopes
  9 ugly things
  10 orb spiders
  23 deep elf magi
  2 manticores
  4 hornets
  22 elephants
  4 centaur zombies
  10 black mambas
  3 ice statues (IceCv)
  25 spiny frogs
  A gargoyle (D:13)
  3 rime drakes
  2 tengu conjurers (D:13)
  4 kobold demonologists
  12 komodo dragons
  3 freezing wraiths (D:13)
  8 demonic crawlers
  31 jumping spiders
  2 merfolk
  13 trolls
  9 giant leeches
  12 polar bears
  20 blink frogs
  26 bog bodies
  A two-headed ogre (D:13)
  6 raiju (Lair:8)
  Prince Ribbit (D:8)
  2 boulder beetles
  10 slime creatures
  A boulder beetle (shapeshifter) (D:13)
  4 air elementals
  50 redbacks
  4 spriggans
  A water elemental (Elf:3)
  2 shadows
  5 wyverns
  21 tarantellas
  4 wraiths
  A human (D:10)
  97 yaks
  A hungry ghost (D:12)
  3 basilisks
  A fire elemental (Elf:2)
  2 hogs
  Grum (D:10)
  A steam dragon (D:13)
  34 vampire mosquitoes
  14 hippogriffs
  4 mottled dragons
  A soldier ant (D:11)
  18 swamp worms
  13 wargs
  18 insubstantial wisps
  4 hell hounds (Lair:8)
  Duvessa (D:4)
  18 porcupines
  20 water moccasins
  12 swamp drakes
  10 ice beasts
  48 orc warriors
  9 wasps
  5 sky beasts
  A phantom (D:4)
  19 black bears
  15 ogres
  The ghost of wvc the Ruffian, an amateur DrMo (D:3)
  4 necrophages (Swamp:1)
  27 centaurs
  31 wolves
  23 crocodiles
  6 big kobolds
  Blork the orc (D:4)
  18 giant frogs
  A wyvern zombie (D:13)
  2 earth elementals (Elf:1)
  2 wyvern skeletons
  Dowan (D:4)
  9 scorpions
  8 killer bees
  2 electric eels
  11 howler monkeys
  6 jellies
  5 crimson imps
  A quasit (D:9)
  21 hounds
  A giant frog zombie (D:12)
  22 orc wizards
  15 orc priests
  11 iguanas
  11 centaur skeletons
  A human skeleton (D:10)
  13 worker ants
  14 sheep
  2 hound skeletons
  A worker ant zombie (D:5)
  7 gnolls
  16 adders
  55 river rats
  2 shadow imps
  4 oozes (Sewer)
  9 worms
  6 giant geckos
  116 orcs
  27 bats
  7 giant cockroaches
  12 goblins
  12 hobgoblins
  11 jackals
  24 kobolds
  3 quokkas
  3 ball pythons
  A giant gecko skeleton (D:4)
  10 giant newts
  A goblin skeleton (D:10)
  A jackal skeleton (D:10)
  12 rats
  6 fungi
  8 plants (Lair:8)
1525 creatures vanquished.

Vanquished Creatures (others)
  A wasp (Swamp:1)
  42 fungi
  53 plants
96 creatures vanquished.

Grand Total: 1621 creatures vanquished

Notes
Turn   | Place    | Note
--------------------------------------------------------------
     0 | D:1      | namelastname112 the Felid Conjurer began the quest for the Orb.
     0 | D:1      | Reached XP level 1. HP: 7/7 MP: 4/4
     4 | D:1      | Noticed an electric eel
     4 | D:1      | Noticed an electric eel
   248 | D:1      | Reached XP level 2. HP: 11/11 MP: 6/6
   341 | D:1      | Learned a level 2 spell: Searing Ray
  1008 | D:2      | Reached XP level 3. HP: 14/14 MP: 8/8
  1386 | D:3      | Reached XP level 4. HP: 18/18 MP: 9/9
  1854 | D:3      | Noticed wvc's ghost (amateur DrMo)
  1887 | D:3      | Killed wvc's ghost
  1887 | D:3      | Reached XP level 5. HP: 21/21 MP: 11/11
  1946 | D:3      | Learned a level 5 spell: Iskenderun's Battlesphere
  2187 | D:4      | Found a sparkling altar of Nemelex Xobeh.
  2191 | D:4      | Found a sacrificial altar of Ru.
  2194 | D:4      | Found an iron altar of Okawaru.
  2195 | D:4      | Found a radiant altar of Vehumet.
  2196 | D:4      | Found a bloodstained altar of Trog.
  2196 | D:4      | Found a deep blue altar of Sif Muna.
  2196 | D:4      | Found a white marble altar of Elyvilon.
  2198 | D:4      | Found a shimmering altar of Xom.
  2217 | D:4      | Found a snail-covered altar of Cheibriados.
  2221 | D:4      | Became a worshipper of Sif Muna the Loreminder
  2296 | D:4      | Reached skill level 5 in Conjurations
  2296 | D:4      | Gained mutation: You are covered in thick fur (AC +2). [Felid growth]
  2296 | D:4      | Reached XP level 6. HP: 15/24 MP: 13/13
  2498 | D:4      | Reached skill level 1 in Charms
  2549 | D:4      | Found a glowing drain.
  2553 | Sewer    | Entered a sewer
  3614 | D:4      | Noticed Blork the orc
  3630 | D:4      | Killed Blork the orc
  3753 | D:4      | Noticed Duvessa
  3753 | D:4      | Noticed Dowan
  3790 | D:4      | Killed Dowan
  3849 | D:5      | Entered Level 5 of the Dungeon
  3982 | D:4      | Killed Duvessa
  3982 | D:4      | Reached * piety under Sif Muna
  3982 | D:4      | Reached XP level 7. HP: 27/27 MP: 15/15
  4203 | D:4      | Found an opulent altar of Gozag.
  4212 | D:4      | Reached skill level 5 in Spellcasting
  4445 | D:4      | Reached skill level 5 in Dodging
  4924 | D:5      | Reached XP level 8. HP: 31/31 MP: 17/17
  5077 | D:5      | Found a staircase to the Ecumenical Temple.
  5170 | D:5      | Identified the Grimoire of Vitriolic Air
  5253 | D:5      | Reached ** piety under Sif Muna
  5435 | D:5      | Noticed an angel
  5436 | D:5      | Found a glowing silver altar of Zin.
  6324 | D:6      | HP: 1/31 [centaur (6)]
  6958 | D:6      | Gained mutation: Your spells are a little easier to cast, but a little less powerful. [potion of mutation]
  6958 | D:6      | Gained mutation: You passively map a small area around you. [potion of mutation]
  6958 | D:6      | Gained mutation: Your system is resistant to poisons. [potion of mutation]
  6959 | D:6      | Gained mutation: You are weak. (Str -2) [potion of mutation]
  6959 | D:6      | Lost mutation: You are weak. (Str -2) [potion of mutation]
  6959 | D:6      | Gained mutation: You are frail (-10% HP). [potion of mutation]
  6960 | D:6      | Gained mutation: You have a pair of small antennae on your head. [potion of mutation]
  6960 | D:6      | Gained mutation: You are dopey. (Int -2) [potion of mutation]
  6960 | D:6      | Lost mutation: You are frail (-10% HP). [potion of mutation]
  7027 | D:7      | You fall through a shaft!
  7048 | D:7      | Found an opulent altar of Gozag.
  7048 | D:7      | Found a shattered altar of Ashenzari.
  7063 | D:7      | Found a shadowy altar of Dithmenos.
  7144 | D:7      | Reached *** piety under Sif Muna
  7144 | D:7      | Reached XP level 9. HP: 34/34 MP: 20/20
  7393 | D:7      | Reached skill level 5 in Charms
  7610 | D:7      | Found Uziaforr's Serpentskin Sales.
  8322 | D:8      | Noticed Prince Ribbit
  8341 | D:8      | Killed Prince Ribbit
  8341 | D:8      | Reached **** piety under Sif Muna
  8428 | D:8      | Noticed a troll
  8456 | D:8      | Killed a troll
  8644 | D:8      | Gained mutation: You passively map the area around you. [mutagenic meat]
  8646 | D:8      | Gained mutation: You are partially covered in iridescent scales (AC +4). [mutagenic meat]
  8854 | D:7      | Reached XP level 10. HP: 37/37 MP: 23/23
  8867 | D:7      | Lost mutation: You have a pair of small antennae on your head. [mutagenic meat]
  8869 | D:7      | Gained mutation: Your muscles are strong. (Str +2) [mutagenic meat]
  8870 | D:7      | Gained mutation: You are resistant to hostile enchantments. [mutagenic meat]
  8871 | D:7      | Gained mutation: You have a pair of small horns on your head. [mutagenic meat]
  9349 | D:9      | Noticed a hill giant
  9381 | D:9      | Killed a hill giant
  9381 | D:9      | Reached ***** piety under Sif Muna
  9670 | D:9      | Found a basalt altar of Yredelemnul.
 10508 | D:9      | Learned a level 3 spell: Regeneration
 10519 | D:10     | Entered Level 10 of the Dungeon
 10878 | D:10     | Noticed a hill giant
 10951 | D:10     | Killed a hill giant
 10951 | D:10     | Reached skill level 1 in Fighting
 11095 | D:10     | Reached ****** piety under Sif Muna
 11095 | D:10     | Received a gift from Sif Muna
 11095 | D:10     | Reached XP level 11. HP: 25/42 MP: 22/25
 11096 | D:10     | Identified Sif Muna's Compendium of Dusty Ice (Sif Muna gifted it to you on level 10 of the Dungeon)
 11143 | D:10     | Reached skill level 10 in Conjurations
 11410 | D:10     | Noticed a hill giant
 11415 | D:10     | Killed a hill giant
 11415 | D:10     | Reached skill level 1 in Invocations
 11620 | D:10     | Found a staircase to the Lair.
 11798 | D:10     | Noticed Grum
 11816 | D:10     | Killed Grum
 11894 | D:10     | Found a runed door.
 11932 | D:10     | Found a basalt altar of Yredelemnul.
 12140 | D:11     | Found an iron altar of Okawaru.
 12685 | D:11     | namelastname112: fecj is surprisingly ok
 12692 | D:11     | Learned a level 6 spell: Bolt of Fire
 12812 | D:10     | Reached skill level 1 in Fire Magic
 12832 | D:11     | Reached skill level 10 in Spellcasting
 12981 | D:11     | Noticed a cyan ugly thing
 12993 | D:11     | HP: 2/45 [cyan ugly thing (17)]
 12998 | D:11     | Killed a cyan ugly thing
 13002 | D:11     | Gained mutation: You expend magic power (3 MP) to strengthen your wands. [mutagenic meat]
 13003 | D:11     | Lost mutation: Your muscles are strong. (Str +2) [mutagenic meat]
 13095 | D:11     | Found a shimmering altar of Xom.
 13157 | D:11     | Noticed a hill giant
 13188 | D:11     | Reached skill level 2 in Fire Magic
 13215 | D:11     | Killed a hill giant
 13606 | D:11     | Found a staircase to the Orcish Mines.
 13757 | D:11     | Noticed a white ugly thing
 13760 | D:11     | Reached skill level 3 in Fire Magic
 14024 | D:11     | Killed a white ugly thing
 14351 | D:11     | Noticed a centaur warrior
 14406 | D:11     | Slain by a centaur warrior
 14407 | D:11     | Reached XP level 10. HP: -4/43 MP: 4/34
 14703 | D:11     | Vulkandrache: i just saw you die after coming back to taht comment
 14877 | D:11     | namelastname112: timing, man
 14904 | D:11     | Vulkandrache: but i mean, conj with anything is an easy start
 14925 | D:11     | Vulkandrache: it just falls of quickly
 14978 | Lair:1   | Entered Level 1 of the Lair of Beasts
 15398 | D:11     | Vulkandrache: why does oka allways gift me rpois stuff on my naga
 15398 | D:11     | Killed a centaur warrior
 15398 | D:11     | Reached skill level 4 in Fire Magic
 15398 | D:11     | Reached XP level 11. HP: 22/46 MP: 11/26
 15443 | D:11     | Vulkandrache: that dick
 15443 | D:11     | namelastname112: cos oka is a bad god
 15443 | D:11     | namelastname112: imo
 15516 | D:11     | Vulkandrache: i know
 15902 | D:11     | Vulkandrache: i just dont want to go chei that early this time
 16038 | D:11     | Vulkandrache: might aswell try to get some stuff
 16215 | D:11     | Noticed a centaur warrior
 16226 | D:11     | Killed a centaur warrior
 16419 | D:11     | Lost mutation: You have a pair of small horns on your head. [potion of cure mutation]
 16419 | D:11     | Lost mutation: You expend magic power (3 MP) to strengthen your wands. [potion of cure mutation]
 16419 | D:11     | Lost mutation: You are dopey. (Int -2) [potion of cure mutation]
 16419 | D:11     | Lost mutation: Your system is resistant to poisons. [potion of cure mutation]
 16420 | D:11     | Lost mutation: You are resistant to hostile enchantments. [potion of cure mutation]
 16420 | D:11     | Lost mutation: You are partially covered in iridescent scales (AC +4). [potion of cure mutation]
 16420 | D:11     | Lost mutation: Your spells are a little easier to cast, but a little less powerful. [potion of cure mutation]
 16420 | D:11     | Lost mutation: You passively map the area around you. [potion of cure mutation]
 16420 | D:11     | Lost mutation: You passively map a small area around you. [potion of cure mutation]
 16607 | D:12     | Noticed a cyan ugly thing
 16607 | D:12     | Noticed a hill giant
 16848 | D:11     | Killed a hill giant
 16848 | D:11     | Received a gift from Sif Muna
 16848 | D:11     | Reached skill level 5 in Fire Magic
 16849 | D:11     | Identified Ruqir's Almanac of Igneous Displacement (Sif Muna gifted it to you on level 11 of the Dungeon)
 17115 | D:12     | Reached skill level 5 in Fighting
 17741 | D:12     | Noticed a purple ugly thing
 17749 | D:12     | Killed a purple ugly thing
 17749 | D:12     | Reached skill level 5 in Invocations
 18373 | D:12     | Reached skill level 6 in Fire Magic
 18464 | D:12     | Noticed Nessos
 18492 | D:12     | Killed Nessos
 18534 | D:12     | Gained mutation: Your thick and shaggy fur keeps you warm (AC +3, rC+). [Felid growth]
 18534 | D:12     | Reached XP level 12. HP: 52/52 MP: 18/27
 19284 | D:12     | Reached skill level 7 in Fire Magic
 19665 | D:13     | Found a flagged portal.
 19719 | Bailey   | Entered a bailey
 20238 | Bailey   | Drew Focus: Int increased to 21, Str decreased to 3
 20347 | D:13     | Received a gift from Sif Muna
 20348 | D:13     | Identified Sif Muna's Theurgy in Simple Steps (Sif Muna gifted it to you on level 13 of the Dungeon)
 20698 | D:13     | Noticed an ogre mage
 20707 | D:13     | Killed an ogre mage
 21252 | D:13     | Learned a level 2 spell: Repel Missiles
 21546 | D:13     | Noticed a centaur warrior
 21547 | D:13     | Shot with an arrow by a centaur
 21548 | D:13     | Reached XP level 11. HP: -1/49 MP: 36/36
 21612 | D:13     | Noticed a centaur warrior
 21631 | D:13     | Killed a centaur warrior
 21672 | D:13     | Noticed a centaur warrior
 21676 | D:13     | Killed a centaur warrior
 21892 | D:13     | Reached XP level 12. HP: 53/53 MP: 10/28
 22140 | D:13     | Reached skill level 8 in Fire Magic
 23911 | D:13     | Noticed a death knight
 24509 | D:13     | Found a gate to the Vaults.
 24621 | D:13     | Reached skill level 9 in Fire Magic
 24654 | D:13     | Killed a death knight
 24681 | D:13     | HP: 2/54 [centaur/poisoned arrow[a centaur warrior] (13)]
 24957 | D:13     | Killed a centaur warrior
 25119 | D:13     | Received a gift from Sif Muna
 25122 | D:13     | Identified Sif Muna's Almanac of Creative Transmigration (Sif Muna gifted it to you on level 13 of the Dungeon)
 25344 | D:13     | Reached XP level 13. HP: 13/58 MP: 0/29
 25641 | D:14     | Found a shattered altar of Ashenzari.
 26875 | D:14     | Noticed a salamander stormcaller
 29357 | Lair:2   | Reached skill level 10 in Fire Magic
 29806 | Lair:2   | Goblin1989: восстановление маны только голод трогает, паети не уменьшается?
 29884 | Lair:2   | namelastname112: ну дык
 30612 | Lair:3   | Found a glowing silver altar of Zin.
 32008 | Lair:4   | Received a gift from Sif Muna
 32009 | Lair:4   | Identified Sif Muna's Tome of Hurtful Transmutation (Sif Muna gifted it to you on level 4 of the Lair of Beasts)
 32010 | Lair:4   | namelastname112: сука
 32010 | Lair:4   | namelastname112: тупая сифмуна
 32010 | Lair:4   | namelastname112: я блять не трансмутер
 32010 | Lair:4   | namelastname112: заебала
 32269 | Lair:4   | Found a hole to the Spider Nest.
 32385 | Lair:4   | Reached XP level 14. HP: 63/63 MP: 21/31
 33054 | Lair:4   | Reached skill level 11 in Fire Magic
 33822 | Lair:5   | Goblin1989: а сиф кастовать помогает как вех?
 33836 | Lair:5   | namelastname112: не
 33836 | Lair:5   | namelastname112: но она мискасты убирает
 33836 | Lair:5   | namelastname112: то есть ты можешь кастовать лича на 58% процентах
 33836 | Lair:5   | Goblin1989: то есть вообще?
 33836 | Lair:5   | namelastname112: не боясь того, что к тебе рипер прилетит
 33838 | Lair:5   | Goblin1989: круто!
 34001 | Lair:5   | Noticed namelastname112's ghost (journeyman DrSk)
 34010 | Lair:5   | Goblin1989: сам себя нашел
 34067 | Lair:5   | Noticed Kirke
 34189 | Lair:6   | Found a frozen archway.
 34269 | IceCv    | Entered an ice cave
 35794 | Lair:7   | Received a gift from Sif Muna
 35795 | Lair:7   | Identified Sif Muna's Collected Works on Damaging Good Luck (Sif Muna gifted it to you on level 7 of the Lair of Beasts)
 36680 | Lair:7   | Reached skill level 12 in Fire Magic
 37560 | Lair:8   | Entered Level 8 of the Lair of Beasts
 38202 | Lair:8   | Found a staircase to the Slime Pits.
 38203 | Lair:8   | Found a viscous altar of Jiyva.
 38511 | Lair:8   | Reached XP level 15. HP: 65/67 MP: 5/33
 38928 | Lair:8   | Received a gift from Sif Muna
 38931 | Lair:8   | Identified Sif Muna's Handbook of Companions and Toxins (Sif Muna gifted it to you on level 8 of the Lair of Beasts)
 39511 | Lair:8   | crauler: силач
 39522 | Lair:8   | namelastname112: фокуса схавал
 39853 | Lair:8   | Reached skill level 13 in Fire Magic
 41066 | Orc:1    | Entered Level 1 of the Orcish Mines
 41175 | Orc:1    | Found a roughly hewn altar of Beogh.
 41516 | Orc:2    | Entered Level 2 of the Orcish Mines
 41788 | Orc:2    | Found a staircase to the Elven Halls.
 42324 | Orc:2    | Found Kymoasagg's Magic Scroll Shop.
 42337 | Orc:2    | Found Tyruw's Magic Scroll Shoppe.
 42450 | Orc:2    | Received a gift from Sif Muna
 42451 | Orc:2    | Identified Sif Muna's Collected Works on Congealing Sinister Arts (Sif Muna gifted it to you on level 2 of the Orcish Mines)
 42727 | Orc:2    | Found a roughly hewn altar of Beogh.
 42744 | Orc:2    | Found Ulubucal's Assorted Antiques.
 42744 | Orc:2    | Found Ydexadd's Food Shop.
 44003 | Orc:1    | Noticed Josephine
 44004 | Orc:1    | Killed Josephine
 44206 | Elf:1    | Entered Level 1 of the Elven Halls
 44226 | Elf:1    | Noticed Donald
 44241 | Elf:1    | Killed Donald
 44359 | Elf:1    | epen: That color. I hate you!
 44367 | Elf:2    | namelastname112: лол
 44375 | Elf:2    | Found Ceosajy's Magic Scroll Emporium.
 44383 | Elf:1    | namelastname112: опа
 44383 | Elf:1    | namelastname112: оружие умеет лестницы юзать
 44383 | Elf:1    | namelastname112: а я и забыл
 44675 | Elf:1    | Gained mutation: You are agile. (Dex +2) [potion of beneficial mutation]
 44703 | Elf:3    | Entered Level 3 of the Elven Halls
 44727 | Elf:3    | HP: 3/67 [war axe of flaming (1)]
 44981 | Elf:3    | Found Sonaugre's Antique Weapon Shop.
 45042 | Elf:1    | Noticed Nikola
 45060 | Elf:1    | Killed Nikola
 45060 | Elf:1    | Reached skill level 14 in Fire Magic
 45423 | Elf:1    | Reached XP level 16. HP: 70/70 MP: 34/34
 45590 | Elf:1    | Identified the Incunabulum of Supportive Blows and Bruises (You found it on level 1 of the Elven Halls)
 45597 | Elf:1    | Learned a level 5 spell: Fireball
 45755 | Elf:1    | Received a gift from Sif Muna
 46667 | Lair:1   | Learned a level 7 spell: Ring of Flames
 47026 | Lair:5   | Killed Kirke
 47130 | Lair:5   | Found a staircase to the Swamp.
 47140 | Swamp:1  | Entered Level 1 of the Swamp
 47479 | Swamp:1  | Paralysed by a hornet for 2 turns
 47480 | Swamp:1  | Slain by a hornet
 47481 | Swamp:1  | Reached XP level 15. HP: -1/66 MP: 43/43
 47558 | Swamp:1  | crauler: эльфов до бранчей лейра?
 48201 | Swamp:1  | namelastname112: ну я так
 48201 | Swamp:1  | namelastname112: потусить
 48222 | Swamp:1  | crauler: в волт не ходил?
 48226 | Swamp:1  | namelastname112: не
 48226 | Swamp:1  | namelastname112: выебут же
 48294 | Swamp:1  | crauler: я так нагой ходил, прожег свитков чутка с зельями а так норм
 48376 | Swamp:1  | crauler: лута захотелось
 48376 | Swamp:1  | namelastname112: ну бля
 48376 | Swamp:1  | namelastname112: был бы я нагой
 48376 | Swamp:1  | crauler: лол
 48376 | Swamp:1  | namelastname112: я бы подумал
 48419 | Swamp:1  | crauler: ну подумаешь лцс может ваншотнуть
 48456 | Swamp:1  | Reached skill level 15 in Fire Magic
 48523 | Swamp:1  | crauler: статую нашел?
 48683 | Swamp:1  | namelastname112: я кожурер
 48683 | Swamp:1  | namelastname112: а не трансмутер
 48751 | Swamp:1  | crauler: земля на ироншот?
 48924 | Swamp:1  | namelastname112: я в огонь пошел уже
 49276 | Swamp:2  | Received a gift from Sif Muna
 49339 | Swamp:2  | namelastname112: сиф охуела просто
 49339 | Swamp:2  | namelastname112: говно и говно
 49390 | Swamp:2  | Noticed a thorn hunter
 49394 | Swamp:2  | Killed a thorn hunter
 49425 | Swamp:2  | Goblin1989: хорошо хоть не дэпсы сразу после данажа, не заходя в лэйер. он может, я видел
 49740 | Swamp:2  | namelastname112: ну не котом же
 49807 | Swamp:2  | crauler: дупз котом это сколько раз я смогу бросить кубик на эв до ваншота
 50459 | Swamp:3  | Noticed Aizul
 50698 | Swamp:2  | Goblin1989: ох!
 50732 | Swamp:3  | Goblin1989: польше половины ХП
 51321 | Swamp:3  | Reached XP level 16. HP: 67/70 MP: 13/35
 51530 | Swamp:3  | Killed Aizul
 51531 | Swamp:3  | namelastname112: ибо нехуй стоять в огне
 51531 | Swamp:3  | namelastname112: дебил змеины
 51531 | Swamp:3  | namelastname112: й
 51661 | Swamp:3  | Noticed Louise
 51662 | Swamp:3  | crauler: Aizul yawns , then pretends he didn't
 51796 | Swamp:3  | Killed Louise
 52224 | Swamp:3  | Goblin1989: да кстати, а че лес-то не сжигаешь? мешает же
 52233 | Swamp:3  | Goblin1989: а не,, сжигаешь понемногу :)
 52257 | Swamp:3  | crauler: жги дома еби гусей
 52331 | Swamp:3  | namelastname112: ебучие свампы
 52331 | Swamp:3  | namelastname112: даже не пожрешь
 52331 | Swamp:3  | namelastname112: пиздец
 52331 | Swamp:3  | namelastname112: лучше рыбы были
 52331 | Swamp:3  | namelastname112: а не это говно
 52613 | Swamp:3  | Goblin1989: ну червей пожно есть этих зеленых
 52619 | Swamp:3  | crauler: держи подачку, один сраный кусок
 52758 | Swamp:4  | Entered Level 4 of the Swamp
 53144 | Swamp:4  | Received a gift from Sif Muna
 53145 | Swamp:4  | Identified Suischel's Grimoire of Air (Sif Muna gifted it to you on level 4 of the Swamp)
 53146 | Swamp:4  | namelastname112: НУ НАХУЯ МНЕ КБЛ
 53146 | Swamp:4  | namelastname112: пиздец ска
 53296 | Swamp:4  | Goblin1989: та ты все равно файершторм нормально кастануть еще не сможешь
 53297 | Swamp:4  | Goblin1989: наверное
 53308 | Swamp:4  | Reached skill level 16 in Fire Magic
 54727 | Swamp:3  | Reached skill level 15 in Conjurations
 55223 | Swamp:4  | namelastname112: лол
 55223 | Swamp:4  | namelastname112: это походу эндинг с лерни
 55743 | Swamp:4  | Reached skill level 15 in Spellcasting
 55839 | Swamp:4  | Goblin1989: с гидрой лернаерской в смысле?
 55840 | Swamp:4  | namelastname112: да
 55840 | Swamp:4  | Goblin1989: надо посмотреть
 55861 | Swamp:4  | Goblin1989: ты ж ее еще не убил?
 55861 | Swamp:4  | namelastname112: нет еще
 55861 | Swamp:4  | namelastname112: не видел пока даже
 56247 | Swamp:4  | Noticed the 27-headed Lernaean hydra
 56247 | Swamp:4  | Goblin1989: от она
 56247 | Swamp:4  | namelastname112: вон она
 56247 | Swamp:4  | namelastname112: тусует
 56267 | Swamp:4  | Goblin1989: во всей своей 27-головой красе
 56271 | Swamp:4  | Killed the 27-headed Lernaean hydra
 56271 | Swamp:4  | Received a gift from Sif Muna
 56273 | Swamp:4  | Goblin1989: хм
 56273 | Swamp:4  | namelastname112: гыгыс
 56286 | Swamp:4  | Goblin1989: жаже не подошла
 56312 | Swamp:4  | Goblin1989: стеснительная
 56314 | Swamp:4  | Got a decaying rune of Zot
 56538 | Swamp:4  | namelastname112: ну я хастанулся
 56538 | Swamp:4  | namelastname112: конечно не подошла
 56538 | Swamp:4  | crauler: жожа?
 56541 | Swamp:4  | namelastname112: а?
 56541 | Swamp:4  | crauler: JOJO
 56577 | Swamp:2  | namelastname112: не смотрю
 56723 | Spider:1 | Entered Level 1 of the Spider Nest
 56741 | Spider:1 | Reached XP level 17. HP: 74/74 MP: 0/37
 56951 | Spider:1 | HP: 1/74 [jumping spider (18)]
 56951 | Spider:1 | Mangled by a jumping spider
 56952 | Spider:1 | Reached XP level 16. HP: -6/70 MP: 5/45
 56997 | Spider:1 | namelastname112: пиздец
 56997 | Spider:1 | namelastname112: ну хоть пожрал
 57431 | Spider:1 | Noticed Rupert
 57436 | Spider:1 | Killed Rupert
 57490 | Spider:1 | namelastname112: так
 57490 | Spider:1 | namelastname112: это че за вол такой
 57490 | Spider:1 | namelastname112: волт*
 57870 | Spider:1 | xeno23: str 3
 57904 | Spider:1 | xeno23: lel
 57913 | Spider:1 | namelastname112: ну фокуса я схавал
 57913 | Spider:1 | namelastname112: че вы доебалися
 57928 | Spider:1 | xeno23: в томбе можешь отхватить
 57985 | Spider:2 | xeno23: курс словишь на стр
 57985 | Spider:2 | namelastname112: я до нее не доживу
 57985 | Spider:2 | namelastname112: лоо
 57985 | Spider:2 | namelastname112: л
 58191 | Spider:2 | Reached skill level 17 in Fire Magic
 59906 | Spider:3 | Received a gift from Sif Muna
 59916 | Spider:3 | Identified Sif Muna's Almanac of Aerial Heat (Sif Muna gifted it to you on level 3 of the Spider Nest)
 59917 | Spider:3 | crauler: ну да, до томбы еще далеко
 60011 | Spider:3 | Learned a level 7 spell: Delayed Fireball
 60016 | Spider:3 | Learned a level 4 spell: Sticky Flame
 60297 | Spider:3 | Slain by a demonic crawler
 60297 | Spider:3 | namelastname112: да плиз
 60298 | Spider:3 | Reached XP level 15. HP: -5/67 MP: 19/44
 61732 | Spider:4 | Entered Level 4 of the Spider Nest
 61815 | Spider:4 | Noticed Wiglaf
 61825 | Spider:4 | Killed Wiglaf
 61988 | Spider:4 | Reached XP level 16. HP: 46/70 MP: 4/36
 61997 | Spider:4 | Slain by a tarantella

Vault maps used:
D:1:      arrival_aquarium_b
D:2:      first_bread
D:4:      minitemple, gup_sewer_entry_spiral,
          nicolae_gozag_cash_rules_everything_around_me, uniq_duvessa,
          uniq_blork_the_orc
D:5:      zin_angel, minmay_temple_entry_grid, kennysheep_generic_room_10
D:7:      nicolae_dithmenos_through_a_glass_darkly,
          nicolae_overflow_hidden_temple, guppyfry_shop_venom
D:8:      uniq_prince_ribbit1
D:9:      minmay_ornate_pinched, basic_altar, hangedman_fish_farm
D:10:     grunt_lair_entry_orc_guard_hut, dk_yredelemnul_ordeal, uniq_grum
D:11:     nicolae_whirlpool, orc_0_dummy, basic_altar, st_stairs_10,
          hangedman_decor_riveting, xom_teletrap_fun
D:12:     uniq_nessos
D:13:     hangedman_vaults_entry_quadrant_bands, enter_bailey_7
D:14:     dk_noncrumbling_4, evilmike_ruin_ashenzari, uniq_sonja
Lair:1:   infiniplex_staircase_pool_2
Lair:2:   beast_lair_carwin_1, infiniplex_staircase_pool, lemuel_fruit_tree
Lair:3:   basic_altar, grunt_megastairs_5, serial_bayou_shore_b
Lair:4:   spider_nest_entry_a, beast_lair_carwin_5, grunt_megastairs_4
Lair:5:   swamp_mist_pool, uniq_kirke
Lair:6:   portal_ice_cave_entry_animals_and_master, minmay_holes,
          beast_lair_carwin_9
Lair:7:   minivault_19, serial_bayou_shore_b
Lair:8:   hangedman_lair_caniforms_friends, hangedman_lair_in_review,
          slime_altar_1, minivault_11, serial_bayou_shore_a
Swamp:1:  evilmike_swamp_ruin_rubble_1, swamp_pool5, hangedman_swamp_ravenous
Swamp:2:  evilmike_swamp_ruin_house_4
Swamp:3:  hangedman_swamp_ruin_wall, uniq_louise, uniq_aizul
Swamp:4:  grunt_swamp_rune_castle, swamp_pool2, lightli_tree_ring
Spider:1: spider_trap, spiders_nest_spider_trap, uniq_rupert
Spider:3: guppyfry_spider_mini_1
Spider:4: guppyfry_spider_rune, uniq_wiglaf
Orc:1:    mines2_david, uniq_josephine
Orc:2:    st_orc_town
Elf:1:    minmay_elf_sorcery, uniq_donald, uniq_nikola
Elf:2:    serial_shops, shop
Elf:3:    minmay_elf_hall_hex, serial_shops, shop
Sewer:    sewer_fruit_machine
Bailey:   bailey_axe_1, bailey
IceCv:    ice_cave_statue_garden_02

Skill      XL: |  1  2  3  4  5  6  7  8  9 10 11 12 13 14 15 16 |
---------------+-------------------------------------------------+-----
Dodging        | 3 4 5 6 8 9 |  9.1
Conjurations   | 4 5 6 7 8 9 11 12 13 15 | 15.8
Spellcasting   | 3 4 5 6 8 9 10 11 12 13 15 | 15.7
Charms         | 2 3 4 6 7 |  7.6
Fighting       | 1 5 7 8 |  8.6
Invocations    | 5 7 |  7.9
Fire Magic     | 4 6 9 10 12 15 17 | 17.6
Stealth        | |  2.6

Action                   |  1- 3 |  4- 6 |  7- 9 | 10-12 | 13-15 | 16-18 || total
-------------------------+-------+-------+-------+-------+-------+-------++-------
Melee: Unarmed           |       |    12 |    63 |    38 |    35 |     5 ||   153
 Cast: Magic Dart        |    83 |   105 |   151 |   395 |   164 |    21 ||   919
       Searing Ray       |       |    23 |    64 |    15 |       |       ||   102
       Iskenderun's Batt |       |       |    10 |    83 |    40 |     7 ||   140
       Bolt of Fire      |       |       |       |   350 |   878 |   262 ||  1490
       Regeneration      |       |       |       |     7 |     4 |     7 ||    18
       Repel Missiles    |       |       |       |     2 |     1 |       ||     3
       Fireball          |       |       |       |       |    54 |   227 ||   281
       Ring of Flames    |       |       |       |       |     6 |    17 ||    23
       Delayed Fireball  |       |       |       |       |       |     1 ||     1
Invok: Channel Energy    |       |       |     1 |   214 |   247 |   113 ||   575
 Abil: Evoke Flight      |       |     1 |       |       |       |       ||     1
Evoke: Wand              |       |       |     6 |     4 |     2 |     4 ||    16
       Deck              |       |       |       |    12 |       |       ||    12
  Use: Scroll            |       |       |    19 |    16 |    14 |     6 ||    55
       Potion            |       |       |     7 |     6 |     3 |       ||    16
 Stab: Sleeping          |       |     1 |     1 |       |       |       ||     2
  Eat: Chunk             |     6 |     7 |    16 |   179 |   297 |    67 ||   572
       Pizza             |       |       |       |     3 |       |     3 ||     6
       Meat ration       |       |       |       |     5 |     5 |     3 ||    13
       Royal jelly       |       |       |       |     4 |     3 |     1 ||     8
       Beef jerky        |       |       |       |     4 |       |     8 ||    12
